AoeStats
← Monke

Fortress

509575183Analyzed
4v4 RM · 5d ago on Sep 27, 2026· 41m 17s· 8 players
Game mode
Random Map
Map size
Huge
Population
200
Speed
Normal
Resources
Standard
Victory
Conquest
Starting age
Dark Age
Ending age
Imperial Age
RankedLock teamsTeams togetherTeam positionsShared explorationLock speedFull tech treeHidden civsTurbo modeCheats
Victory
Defeat
🇭🇰 Danes · Hong Kong SAR China
1507
+13
🇨🇳 Cumans · China
1506
+13
🇩🇪 Sicilians · Germany
1500
+13
🇮🇹 Persians · Italy
1444
+16
🇷🇺 Saracens · Russia
1493
-16
🇹🇼 Wei · Taiwan
1432
-13
🇮🇩 Saxons · Indonesia
1429
-13
🇨🇦 Teutons · Canada
1425
-13
Monke
7:02 Feudal Age
10:47 Castle Age
9:13 Double-Bit Axe
9:27 Horse Collar
10:39 Loom
12:04 Bow Saw
14:35 Wheelbarrow
13:46 Town Watch
14:41 Heavy Plow
14:30 Town Watch
19:45 Scale Mail Armor
20:20 Hand Cart
20:09 Fletching
21:25 Ballistics
21:47 Stone Mining
21:48 Gold Mining
23:00 Bodkin Arrow
23:21 Chain Mail Armor
23:22 Masonry
24:20 Fortified Wall
24:07 Murder Holes
24:26 Fortified Wall
24:11 Murder Holes
24:27 Fortified Wall
24:14 Murder Holes
28:31 Imperial Age
25:49 Treadmill Crane
27:11 Gold Shaft Mining
28:13 Chain Mail Armor
28:41 Shield Wall
29:58 Architecture
31:04 Two-Man Saw
30:45 Hoardings
29:39 Elite Hearth Troop
29:40 Shield Wall
31:16 Plate Mail Armor
30:52 Squires
31:54 Forging
32:49 Bracer
32:38 Gambesons
34:14 Conscription
39:33 Elite Skirmisher
BaiKai AOE
7:17 Feudal Age
10:54 Castle Age
9:16 Horse Collar
9:24 Double-Bit Axe
9:53 Gold Mining
11:46 Bow Saw
11:40 Heavy Plow
15:56 Loom
18:47 Wheelbarrow
20:30 Hand Cart
20:20 Scale Barding Armor
20:33 Stone Mining
25:21 Imperial Age
23:52 Stone Shaft Mining
24:25 Gold Shaft Mining
23:59 Scale Barding Armor
24:04 Forging
24:16 Tuntian
25:12 Fletching
25:45 Ballistics
25:53 Padded Archer Armor
25:49 Town Watch
26:13 Bodkin Arrow
26:49 Thumb Ring
27:59 Parthian Tactics
27:40 Bracer
28:33 Conscription
28:57 Crop Rotation
29:30 Chemistry
29:33 Chain Barding Armor
29:49 Iron Casting
29:56 Caravan
30:25 Ming Guang Armor
31:36 Leather Archer Armor
31:09 Elite Tiger Cavalry
33:09 Blast Furnace
riduridu_
7:41 Feudal Age
11:43 Castle Age
9:48 Double-Bit Axe
9:50 Horse Collar
13:34 Heavy Plow
13:50 Town Watch
15:38 Loom
18:36 Fletching
21:36 Ballistics
22:08 Scale Mail Armor
23:06 Chain Mail Armor
25:02 Squires
27:15 Wheelbarrow
27:43 Forging
27:35 Stone Mining
30:59 Imperial Age
28:13 Pikeman
30:13 Iron Casting
30:00 Gold Mining
32:25 Plate Mail Armor
32:23 Conscription
33:57 Chemistry
34:13 Blast Furnace
34:37 Elite Teutonic Knight
35:32 Siege Engineers
36:30 Masonry
37:20 Crenellations
36:57 Bodkin Arrow
36:52 Halberdier
38:56 Ironclad
xxArMoRxx
6:22 Feudal Age
11:13 Castle Age
9:28 Double-Bit Axe
9:50 Horse Collar
14:07 Loom
14:40 Bow Saw
20:39 Wheelbarrow
20:40 Heavy Plow
21:19 Town Watch
22:02 Fletching
22:41 Gold Mining
22:41 Stone Mining
23:24 Hand Cart
27:40 Imperial Age
25:55 Scale Barding Armor
26:00 Forging
27:06 Gold Shaft Mining
27:51 Bloodlines
27:41 Husbandry
28:58 Conscription
28:12 Elite Mameluke
30:08 Chain Barding Armor
30:23 Iron Casting
30:26 Caravan
31:09 Light Cavalry
32:29 Plate Barding Armor
33:22 Hoardings
33:27 Hussar
39:31 Blast Furnace
38:27 Bodkin Arrow
Stepfan
7:14 Feudal Age
11:39 Castle Age
10:01 Double-Bit Axe
10:08 Horse Collar
12:54 Bow Saw
14:40 Wheelbarrow
15:58 Loom
17:19 Heavy Plow
18:09 Town Watch
24:49 Imperial Age
22:26 Scale Barding Armor
23:49 Chain Barding Armor
23:39 Forging
23:52 Scale Mail Armor
24:26 Bloodlines
24:16 Husbandry
25:13 Gold Mining
25:39 Hauberk
26:10 Plate Barding Armor
25:24 Cavalier
26:53 Iron Casting
26:42 Conscription
28:48 Town Patrol
28:51 Fletching
30:46 First Crusade
31:49 Blast Furnace
30:17 Capped Ram
31:34 Siege Ram
32:28 Elite Serjeant
33:24 Chain Mail Armor
33:53 Bodkin Arrow
35:08 Coinage
34:48 Guilds
34:39 Caravan
35:12 Bracer
37:25 Banking
38:13 Hoardings
37:51 Masonry
38:14 Plate Mail Armor
38:38 Crop Rotation
38:57 Siege Engineers
39:31 Ballistics
40:12 Chemistry
40:14 Padded Archer Armor
40:12 Murder Holes
42:03 Hand Cart
pray4u
7:45 Feudal Age
11:45 Castle Age
9:39 Double-Bit Axe
10:03 Horse Collar
11:15 Scale Mail Armor
12:14 Forging
16:39 Wheelbarrow
16:20 Arson
16:36 Squires
19:03 Chain Mail Armor
23:22 Gold Mining
23:44 Bow Saw
23:23 Loom
28:57 Imperial Age
28:04 Gold Shaft Mining
29:06 Hand Cart
28:27 Hamask
30:01 Conscription
30:27 Plate Mail Armor
32:49 Iron Casting
32:17 Elite Jomsviking
32:57 Fletching
33:53 Ballistics
34:33 Chemistry
33:31 Onager
35:06 Siege Onager
36:25 Siege Engineers
OS | _MidGard_
7:01 Feudal Age
12:10 Castle Age
10:29 Double-Bit Axe
11:20 Horse Collar
12:53 Bow Saw
13:41 Heavy Plow
18:19 Gold Mining
20:15 Gold Shaft Mining
20:20 Stone Mining
22:15 Wheelbarrow
24:46 Imperial Age
23:26 Stone Shaft Mining
24:31 Hand Cart
24:57 Loom
24:40 Elite War Elephant
25:41 Conscription
26:17 Padded Archer Armor
27:52 Chemistry
28:11 Leather Archer Armor
28:44 Town Watch
28:44 Heavy Scorpion
30:12 Town Patrol
31:16 Kamandaran
32:28 Ring Archer Armor
32:20 Ballistics
32:51 Elite War Elephant
35:37 Forging
35:19 Fletching
36:21 Pikeman
37:01 Squires
36:47 Arson
37:03 Scale Mail Armor
37:39 Iron Casting
37:01 Halberdier
38:43 Chain Mail Armor
39:16 Masonry
39:43 Hoardings
40:47 Blast Furnace
39:43 Bodkin Arrow
39:47 Murder Holes
hoot
6:04 Feudal Age
6:31 Double-Bit Axe
6:26 Horse Collar
7:24 Horse Collar
11:31 Wheelbarrow
11:12 Gold Mining
14:49 Stone Mining
15:12 Loom
17:35 Castle Age
20:52 Imperial Age
18:15 Fletching
18:29 Steppe Husbandry
18:41 Bow Saw
18:31 Heavy Plow
19:08 Bodkin Arrow
20:14 Padded Archer Armor
21:44 Leather Archer Armor
21:59 Conscription
23:33 Ring Archer Armor
24:05 Ballistics
26:14 Chemistry
25:26 Bloodlines
27:28 Thumb Ring
29:22 Hand Cart
29:36 Hand Cart
29:48 Elite Kipchak
32:38 Guilds
32:58 Coinage
34:17 Parthian Tactics
34:29 Caravan
34:59 Banking
40:27 Masonry
40:26 Scale Barding Armor
40:32 Forging
41:24 Two-Man Saw
40:55 Crop Rotation
Connection lost

Rejoining the realm…

Still unreachable

The connection could not be restored.

Session expired

The server has moved on; the page needs a fresh start.